 Dungeon Crawl Stone Soup version 0.27-a0-909-g0721f309d1 (webtiles) character file.

Game seed: 7133716136772999286

3488 jasper the Cleaver (level 9, -10/75 HPs)
             Began as a Demonspawn Artificer on Apr 8, 2021.
             Was a Believer of Uskayaw.
             Mangled by an orc warrior
             ... wielding a +0 broad axe
              (15 damage)
             ... in a bailey.
             The game lasted 00:12:16 (10075 turns).

jasper the Cleaver (Demonspawn Artificer)          Turns: 10075, Time: 00:12:16

Health: -10/75     AC: 11    Str: 15 (16) XL:     9   Next: 80%
Magic:  9/9        EV: 13    Int: 13      God:    Uskayaw [**....]
Gold:   218        SH:  3    Dex: 11      Spells: 4/8 levels left

rFire    . . .     SeeInvis +   n - +7 war axe "Vailyph" {vorpal, +Inv rN+ Will+ Dex-2}
rCold    + . .     Faith    .   w - +0 buckler
rNeg     + + .     Spirit   .   j - +1 ring mail {rN+}
rPois    +         Reflect  .   (helmet unavailable)
rElec    .         Harm     .   o - +2 cloak {rCorr}
rCorr    +         Rampage  .   (no gloves)
Will     ++...                  (no boots)
Stlth    +.........             (no amulet)
HPRegen  0.22/turn              i - ring of Gozag's Castigation {rPois Will+ EV+4}
MPRegen  0.11/turn              s - ring of protection from cold

@: mighty
A: antennae 3, slimy green scales 1, demonic magic 1, hooves 1, deterioration 1
a: Renounce Religion, Evoke Invisibility, Stomp, Line Pass


You were in a bailey.
You worshipped Uskayaw.
Uskayaw was noncommittal.
You visited 1 branch of the dungeon, and saw 9 of its levels.
You also visited: Bailey.

You collected 987 gold pieces.
You spent 769 gold pieces at shops.

Inventory:

Hand Weapons
 a - a +0 club
 c - a +0 whip
 n - the +7 war axe "Vailyph" (weapon) {vorpal, +Inv rN+ Will+ Dex-2}
   (You bought it in a shop on level 5 of the Dungeon)

   It inflicts extra damage upon your enemies.
   It affects your dexterity (-2).
   It protects you from negative energy.
   It lets you turn invisible.
   It increases your willpower.
 p - a +0 war axe
 r - a +0 dagger
Missiles
 g - 219 stones
 h - 27 poisoned darts
 k - 14 boomerangs (quivered)
 y - 3 throwing nets
Armour
 b - a +0 leather armour
 f - a +0 ring mail
 j - a +1 ring mail of positive energy (worn)
 m - a +0 scale mail
 o - a +2 cloak of preservation (worn)
 w - a +0 buckler (worn)
 B - a scarf of resistance
Jewellery
 i - the ring of Gozag's Castigation (left hand) {rPois Will+ EV+4}
   (You acquired it on level 3 of the Dungeon)

   [ring of evasion]

   It affects your evasion (+4).
   It protects you from poison.
   It increases your willpower.
 s - a ring of protection from cold (right hand)
 x - a ring of wizardry
Wands
 d - a wand of charming (7)
 e - a wand of random effects (15)
Scrolls
 q - 6 scrolls of identify
 v - a scroll of teleportation
 z - 2 scrolls of enchant armour
Potions
 t - 2 potions of haste


   Skills:
 + Level 8.6 Fighting
 * Level 10.1 Axes
 - Level 1.7 Armour
 - Level 0.8 Dodging
 - Level 0.8 Stealth
 - Level 3.0 Evocations


You had 4 spell levels left.
You knew the following spells:

 Your Spells              Type           Power      Damage    Failure   Level
a - Animate Skeleton      Necr           0%         N/A       69%         1
b - Apportation           Tloc           0%         N/A       69%         1
c - Swiftness             Air            0%         N/A       83%         2

Your spell library contained the following spells:

 Spells                   Type           Power      Damage    Failure   Level
 Corona                   Hex            0%         N/A       69%         1
 Foxfire                  Conj/Fire      0%         2x1d4     69%         1
 Shock                    Conj/Air       0%         1d3       69%         1
 Summon Small Mammal      Summ           0%         N/A       69%         1
 Conjure Flame            Conj/Fire      0%         6-21      96%         3
 Inner Flame              Hex/Fire       0%         N/A       96%         3
 Static Discharge         Conj/Air       0%         N/A       96%         3
 Airstrike                Air            0%         N/A       100%        4
 Sticky Flame             Conj/Fire      0%         2d3       100%        4
 Fireball                 Conj/Fire      0%         3d3       100%        5
 Lightning Bolt           Conj/Air       0%         1d11      100%        5


Dungeon Overview and Level Annotations

Branches:
Dungeon (9/15)             Temple (0/1) D:6            Lair (0/6) D:8
 Bailey (1/1)
    Orc: D:9-12

Altars:
Dithmenos
Elyvilon
Makhleb
Okawaru
Trog
Uskayaw
Vehumet

Shops:
D:5 *

Annotations:
D:6 2 transporters, jasper's ghost, novice SpBr
D:7 1 runed translucent door, mhtbhm's ghost, novice GrBe
D:8 Gastronok


Innate Abilities, Weirdness & Mutations

You have a pair of large antennae on your head. (SInv)
You are partially covered in slimy green scales. (AC +2)
Spells you cast may paralyse adjacent enemies.
You have large cloven feet.
Your body sometimes deteriorates upon taking damage.


Message History

The kobold throws a boomerang.
The boomerang misses you. You block the orc warrior's attack.
The kobold throws a boomerang.
The boomerang closely misses you.
There is an open door here.
You take 5 damage, and have 64/75 hp.
You hit the orc warrior.
The orc warrior is lightly wounded.
You hit the orc warrior. You slash the hobgoblin!
You kill the hobgoblin!
The orc warrior misses you.
The orc warrior hits you with a +0 broad axe!!
You take 18 damage, and have 46/75 hp.
MASSIVE DAMAGE!!
You slash the orc warrior!
The orc warrior is heavily wounded.
You hit the orc warrior. You barely miss the orc.
The kobold throws a boomerang.
You block the boomerang. The orc closely misses you.
The orc warrior hits you with a +0 hand axe!
The orc warrior hits you with a +0 broad axe!
The kobold throws a boomerang.
The boomerang closely misses you.
You can now pass through a line of other dancers.
You take 20 damage, and have 26/75 hp.
MASSIVE DAMAGE!!
You barely miss the orc warrior. Your kick misses the orc warrior.
The orc warrior is heavily wounded.
You closely miss the orc. You closely miss the orc warrior.
The orc hits you but does no damage.
The orc warrior hits you with a +0 hand axe!
* * * LOW HITPOINT WARNING * * *
Your body deteriorates!
You feel weakened.
The orc warrior hits you with a +0 broad axe!
* * * LOW HITPOINT WARNING * * *
You take 20 damage, and have 6/75 hp.
MASSIVE DAMAGE!!
You closely miss the orc warrior.
The orc warrior is heavily wounded.
You hit the orc warrior. You slash the orc!
You kill the orc!
The orc warrior hits you with a +0 hand axe.
* * * LOW HITPOINT WARNING * * *
The orc warrior hits you with a +0 broad axe!
You die...

{{ {{ { {
##+## #...#
#...# #oo)#
######@######
#...K≈.≈K...#
#'###≈.≈###'#
#...K≈.≈....#
#'###≈.≈###'#
#....≈.≈...^#
#'###≈.≈###'#
#^.KK≈.≈K...#
#'###≈.≈###'#


You could see 2 orc warriors and 5 kobolds.

Vanquished Creatures
  A troll (D:8)
  A hornet (D:7)
  A vampire (D:6)
  2 sky beasts
  A black bear (D:5)
  3 ogres
  A wolf (D:8)
  5 centaurs
  A kobold brigand (D:9)
  A bullfrog (D:7)
  2 scorpions
  A gnoll sergeant (D:6)
  A wyvern zombie (D:8)
  A water moccasin skeleton (D:6)
  4 wights (D:9)
  An electric eel (D:8)
  A howler monkey (D:8)
  A bullfrog zombie (D:5)
  4 centaur zombies
  8 hounds
  3 orc priests
  3 jellies (D:6)
  Crazy Yiuf (D:2)
  3 iguanas
  10 orc wizards
  3 howler monkey zombies
  8 adders
  3 gnolls (D:6)
  A shadow imp (D:7)
  2 white imps (D:5)
  4 ufetubi
  A worm (D:2)
  2 dart slugs
  38 orcs
  4 ball pythons
  8 bats
  8 endoplasms
  3 giant cockroaches
  10 goblins
  9 hobgoblins
  7 jackals
  16 kobolds
  A quokka (D:3)
  5 rats
194 creatures vanquished.

Vanquished Creatures (collateral kills)
  A dart slug (D:3)
  2 orcs (D:4)
  A hobgoblin (D:4)
  A ball python (D:3)
5 creatures vanquished.

Vanquished Creatures (others)
  A shadow imp (D:3)
  3 plants (D:6)
4 creatures vanquished.

Grand Total: 203 creatures vanquished

Notes
Turn   | Place    | Note
-------+----------+-------------------------------------------
     0 | D:1      | jasper the Demonspawn Artificer began the quest for the
                  | Orb.
     0 | D:1      | Reached XP level 1. HP: 15/15 MP: 1/1
    35 | D:1      | Gained mutation: Spells you cast may paralyse adjacent
                  | enemies. [demonic ancestry]
    35 | D:1      | Reached XP level 2. HP: 22/22 MP: 2/2
  1006 | D:1      | Reached XP level 3. HP: 28/29 MP: 3/3
  1972 | D:2      | You fall into a shaft and drop 1 floor!
  1989 | D:3      | Reached skill level 1 in Axes
  2501 | D:2      | Found a runed translucent door.
  2502 | D:2      | Noticed Crazy Yiuf
  2553 | D:2      | Gained mutation: You have a pair of small antennae on your
                  | head. [demonic ancestry]
  2553 | D:2      | Reached XP level 4. HP: 35/35 MP: 4/4
  2922 | D:2      | Gained mutation: Your body sometimes deteriorates upon
                  | taking damage. [potion of mutation]
  2922 | D:2      | Gained mutation: You have large cloven feet. [potion of
                  | mutation]
  2933 | D:2      | Killed Crazy Yiuf
  3310 | D:3      | Reached skill level 2 in Axes
  3428 | D:3      | Reached XP level 5. HP: 17/42 MP: 5/5
  3810 | D:3      | Found a faded altar of an unknown god.
  4105 | D:3      | Identified a scroll of acquirement
  4105 | D:3      | Acquired the ring of Gozag's Castigation {rPois Will+ EV+4}
  4801 | D:4      | Reached skill level 3 in Axes
  4845 | D:4      | Found a glowing drain.
  4847 | D:4      | Found a hide-covered altar of Uskayaw.
  4858 | D:4      | Noticed a +0 hand axe
  4859 | D:4      | Noticed a +0 dagger
  4862 | D:4      | Noticed an orc warrior
  4900 | D:4      | Became a worshipper of Uskayaw the Reveller
  4911 | D:4      | Noticed an ogre
  4939 | D:4      | Found a shadowy altar of Dithmenos.
  5066 | D:4      | Reached * piety under Uskayaw
  5081 | D:4      | Gained mutation: You are partially covered in slimy green
                  | scales. (AC +2) [demonic ancestry]
  5081 | D:4      | Reached XP level 6. HP: 5/49 MP: 6/6
  5382 | D:5      | Entered Level 5 of the Dungeon
  5395 | D:5      | Reached ** piety under Uskayaw
  5477 | D:5      | Reached skill level 4 in Axes
  5599 | D:5      | Reached skill level 5 in Fighting
  5691 | D:5      | Found Sudgha's Assorted Antiques.
  5707 | D:5      | Acquired 650 gold pieces
  5720 | D:5      | Bought a pitted war axe for 229 gold pieces
  5720 | D:5      | Identified the +7 war axe "Vailyph" {vorpal, +Inv rN+ Will+
                  | Dex-2} (You bought it in a shop on level 5 of the Dungeon)
  5721 | D:5      | Bought 2 scrolls of identify for 108 gold pieces
  5721 | D:5      | Bought an onyx ring for 135 gold pieces
  5721 | D:5      | Bought a potion of haste for 270 gold pieces
  5721 | D:5      | Bought a scroll labelled MUNEKKUEME for 27 gold pieces
  5740 | D:5      | Gained mutation: You have a pair of antennae on your head.
                  | [demonic ancestry]
  5740 | D:5      | Reached XP level 7. HP: 37/56 MP: 7/7
  5740 | D:5      | Reached *** piety under Uskayaw
  5742 | D:5      | Reached **** piety under Uskayaw
  5743 | D:5      | Reached skill level 5 in Axes
  5748 | D:5      | Reached ***** piety under Uskayaw
  6172 | D:5      | Reached skill level 6 in Axes
  6290 | D:6      | Gained mutation: You have a pair of large antennae on your
                  | head. (SInv) [demonic ancestry]
  6290 | D:6      | Reached XP level 8. HP: 64/64 MP: 8/8
  6342 | D:6      | Found a staircase to the Ecumenical Temple.
  6445 | D:6      | Reached skill level 7 in Axes
  6782 | D:6      | Reached skill level 8 in Axes
  6997 | D:6      | Found a transporter.
  7002 | D:6      | Found a transporter.
  7002 | D:6      | Noticed jasper's ghost (novice SpBr)
  7043 | D:6      | Found a large runed translucent door.
  7044 | D:6      | Found a large runed translucent door.
  7104 | D:6      | Found an iron altar of Okawaru.
  7162 | D:6      | Found a burning altar of Makhleb.
  7172 | D:6      | Found a bloodstained altar of Trog.
  7177 | D:6      | Reached XP level 9. HP: 72/72 MP: 9/9
  7459 | D:7      | Found a runed translucent door.
  7463 | D:7      | Noticed mhtbhm's ghost (novice GrBe)
  7535 | D:7      | Learned a level 1 spell: Animate Skeleton
  7537 | D:7      | Learned a level 1 spell: Apportation
  7968 | D:7      | Found a radiant altar of Vehumet.
  8313 | D:8      | Noticed Gastronok
  8319 | D:8      | Reached skill level 9 in Axes
  8656 | D:8      | Noticed a troll
  8677 | D:8      | Killed a troll
  8948 | D:8      | Found a staircase to the Lair.
  9357 | D:8      | Learned a level 2 spell: Swiftness
  9454 | D:9      | Reached skill level 10 in Axes
  9882 | D:9      | Found a flagged portal.
  9946 | Bailey   | Entered a bailey
 10075 | Bailey   | Mangled by an orc warrior

Illustrated notes

Levels and vault maps discovered:
D:1:      co_arrival_hall_of_pillars, layout_basic, minivault_5,
          minmay_misc_feat_columns
D:2:      layout_loops_ring, uniq_crazy_yiuf_cottage
D:3:      kb_forest_paths, layout_rooms,
          shapermc_ecumenical_altar_mp_urbaneastern,
          hangedman_decor_diamond_cutter, small_statue_intersection
D:4:      layout_gridville, amcnicky_altar_gilded, dancing_weapons_uskayaw,
          nicolae_overflow_crystal_walls, portal_sewer_entry_d
D:5:      layout_basic, serial_shops, shop, corexii_corridor_pit,
          minmay_misc_feat_square, minmay_a_box_with_orc_wizards_in_it
D:6:      cheibrodos_barr_body, layout_rooms, kennysheep_okawaru_gauntlet,
          jmf_multi_god_temple2, minmay_temple_entry_gardened_gates,
          gammafunk_ghost_hive
D:7:      layout_basic, lemuel_coloured_pillars_altar,
          ebering_ghost_reflecting_pool
D:8:      layout_basic, erik_lair_island, minmay_misc_feat_x,
          kennysheep_generic_room_7, uniq_gastronok, uniq_erica
D:9:      layout_loops_corners, enter_bailey_4, minivault_16
Bailey:   bailey_axe_1, bailey

Skill      XL: |  1  2  3  4  5  6  7  8  9 |
---------------+----------------------------+-----
Fighting       | 2 3 4 5 6 7 8 |  8.6
Axes           | 1 2 3 4 6 8 10 | 10.1
Armour         | |  1.7
Dodging        | |  0.8
Stealth        | |  0.8
Evocations     | |  3.0

Action                   |  1- 3 |  4- 6 |  7- 9 || total
-------------------------+-------+-------+-------++-------
Melee: Club              |    44 |       |       ||    44
       Whip              |    77 |       |       ||    77
       War axe           |    34 |   211 |   182 ||   427
       Kick              |       |    59 |    38 ||    97
Throw: Stone             |     6 |    13 |       ||    19
       Boomerang         |       |    23 |    25 ||    48
Evoke: Wand              |    15 |     8 |     9 ||    32
  Use: Potion            |     4 |     3 |     5 ||    12
       Scroll            |       |    10 |     1 ||    11
 Stab: Invisible         |       |     2 |       ||     2
       Paralysed         |       |       |    16 ||    16
Armor: Ring mail         |    40 |    35 |   104 ||   179
       Leather armour    |     9 |       |       ||     9
       Skin              |    41 |       |       ||    41
       Scale mail        |    24 |    73 |       ||    97
Dodge: Dodged            |    85 |   173 |   186 ||   444
Block: Buckler           |       |       |    27 ||    27

Table legend: (Time is in decaauts)
 A = Elapsed time spent in this place.
 B = Non-inter-level travel time spent in this place.
 C = Inter-level travel time spent in this place.
 D = Time resting spent in this place.
 E = Time spent auto-exploring this place.
 F = Levels seen in this place.
 G = Mean time per level.
                   A        B        C        D        E       F      G
               +--------+--------+--------+--------+--------+-----+--------+
         Total |  10206 |   9763 |    443 |   1889 |   6004 |  10 | 1020.6 |
       Dungeon |  10075 |   9632 |    443 |   1814 |   5984 |   9 | 1119.4 |
        Bailey |    130 |    130 |      0 |     75 |     20 |   1 |  130.0 |
               +--------+--------+--------+--------+--------+-----+--------+

Top non-repeatable levels by time:
     D:1: 1906 daAuts
     D:7: 1665 daAuts
     D:3: 1639 daAuts
     D:2: 1271 daAuts
     D:6: 949 daAuts
     D:5: 921 daAuts
     D:4: 651 daAuts
     D:8: 562 daAuts
     D:9: 508 daAuts
  Bailey: 130 daAuts
